 Dungeon Sprint DCSS version 0.27-a0-686-gaed091b46b (webtiles) character file.

Game seed: 2612314863412669941

749 mhtbhm the Blocker (level 7, -2/108 HPs)
             Began as a Minotaur Fighter on Mar 20, 2021.
             Was a High Priest of Trog.
             Slain by a 15-headed hydra (3 damage)
             ... in the Dungeon (Sprint VII: "The Pits").
             The game lasted 00:01:05 (704 turns).

mhtbhm the Blocker (Minotaur Fighter)                Turns: 704, Time: 00:01:05

Health: -2/108     AC: 14    Str: 22    XL:     7   Next: 48%
Magic:  6/6        EV:  8    Int:  5    God:    Trog [*****.]
Gold:   0          SH: 12    Dex: 10    Spells: 6/6 levels left

rFire    . . .     SeeInvis .   a - +2 hand axe (vorpal)
rCold    . . .     Faith    .   c - +0 kite shield
rNeg     . . .     Spirit   .   b - +3 chain mail
rPois    .         Reflect  .   (helmet restricted)
rElec    .         Harm     .   (no cloak)
rCorr    .         Rampage  .   (no gloves)
Will     .....     NoTele   +   (no boots)
Stlth    ..........             (no amulet)
HPRegen  0.28/turn              (no ring)
MPRegen  0.10/turn              (no ring)

@: berserking (expiring), very quick
A: horns 2, retaliatory headbutt
a: Renounce Religion, Berserk, Trog's Hand, Brothers in Arms


You were in the Dungeon.
You worshipped Trog.
Trog was extremely pleased with you.
You visited 1 branch

Inventory:

Hand Weapons
 a - a +2 vorpal hand axe (weapon)
Armour
 b - a +3 chain mail (worn)
 c - a +0 kite shield (worn)
Scrolls
 j - a scroll of blinking
 l - a scroll of summoning
Potions
 d - a potion of might
 e - 6 potions of curing
 f - 5 potions of heal wounds
 g - a potion of haste
 h - 4 potions of magic
 i - 3 potions of berserk rage
 k - 2 potions of invisibility


   Skills:
 + Level 10.1 Fighting
 + Level 10.2 Axes
 + Level 10.2 Armour
 + Level 3.1 Dodging
 + Level 10.5 Shields


You had 6 spell levels left.
You didn't know any spells.
Your spell library was empty.

Dungeon Overview and Level Annotations

Branches:
Dungeon (1/1)

Altars:
Cheibriados
Dithmenos
Elyvilon
Fedhas
Gozag
Hepliaklqana
Makhleb
Nemelex Xobeh
Okawaru
Qazlal
Ru
Sif Muna
Trog
Vehumet
Wu Jian
Xom
Yredelemnul
Zin
The Shining One
Beogh
Jiyva
Lugonu


Innate Abilities, Weirdness & Mutations

You have a pair of horns on your head.
You reflexively headbutt those who attack you in melee.


Message History

You barely miss the 13-headed hydra.
The 13-headed hydra is severely wounded.
You hit the wight. The 13-headed hydra bites you.
* * * LOW HITPOINT WARNING * * *
The 13-headed hydra bites you.
* * * LOW HITPOINT WARNING * * *
The 13-headed hydra bites you.
* * * LOW HITPOINT WARNING * * *
You block the 13-headed hydra's attack.
The 13-headed hydra bites you but does no damage.
You block the 13-headed hydra's attack.
The 13-headed hydra bites you but does no damage.
You block the 13-headed hydra's attack. x2; The 13-headed hydra bites you.
* * * LOW HITPOINT WARNING * * *
The 13-headed hydra bites you but does no damage.
The 13-headed hydra completely misses you.
The 13-headed hydra barely misses you.
You hack one of the 13-headed hydra's heads off!
The 12-headed hydra grows two more!
You slash the 14-headed hydra!
The 14-headed hydra is severely wounded.
You closely miss the jumping spider. You slash the wight!
You destroy the wight!
Trog accepts your kill.
The jumping spider leaps!
Your Dodging skill increases to level 3!
Unknown command.
You hack one of the 14-headed hydra's heads off!
The 13-headed hydra grows two more!
You slash the 15-headed hydra!
Your headbutt misses the 15-headed hydra.
The 15-headed hydra is severely wounded.
The 15-headed hydra bites you but does no damage.
The 15-headed hydra bites you!
* * * LOW HITPOINT WARNING * * *
You block the 15-headed hydra's attack. x2; The 15-headed hydra bites you!
* * * LOW HITPOINT WARNING * * *
The 15-headed hydra bites you but does no damage.
You block the 15-headed hydra's attack. The 15-headed hydra bites you.
* * * LOW HITPOINT WARNING * * *
You block the 15-headed hydra's attack. The 15-headed hydra bites you.
You die...

#.####'##'###...<...#
#.#....†...##.......#
#.#..†.†...##.......#
#'###########.......#
#.......#..##########
#..#.#..#.######
#.##)##.#.#....#
#).)....#)#°...#
#.##.##.#)@D...+
#..#.#..#†#)...#
#.....).'s#....#
################


You could see a 15-headed hydra and a jumping spider.

Vanquished Creatures
  A water moccasin (D)
  2 floating eyes (D)
  A necrophage (D)
  A gnoll sergeant (D)
  A scorpion (D)
  3 wights (D)
  An iron imp (D)
  A mummy (D)
  6 gnolls (D)
  2 river rats (D)
  An ooze (D)
  An orc (D)
  A hobgoblin (D)
  2 jackals (D)
  A quokka (D)
  A frilled lizard (D)
  A kobold (D)
  A rat (D)
28 creatures vanquished.

Notes
Turn   | Place    | Note
-------+----------+-------------------------------------------
     0 | D        | mhtbhm the Minotaur Fighter began the quest for the Orb.
     0 | D        | Reached XP level 1. HP: 19/19 MP: 0/0
    51 | D        | Found a bloodstained altar of Trog.
    51 | D        | Found a shimmering blue altar of Sif Muna.
    51 | D        | Found a viscous altar of Jiyva.
    51 | D        | Found a hazy altar of Hepliaklqana.
    51 | D        | Found an opulent altar of Gozag.
    52 | D        | Found a glowing golden altar of the Shining One.
    52 | D        | Found a glowing silver altar of Zin.
    52 | D        | Found a basalt altar of Yredelemnul.
    52 | D        | Found a shimmering altar of Xom.
    52 | D        | Found an ornate altar of the Wu Jian Council.
    52 | D        | Found a sacrificial altar of Ru.
    52 | D        | Found a stormy altar of Qazlal.
    52 | D        | Found an iron altar of Okawaru.
    52 | D        | Found a sparkling altar of Nemelex Xobeh.
    52 | D        | Found a burning altar of Makhleb.
    52 | D        | Found a blossoming altar of Fedhas.
    52 | D        | Found a white marble altar of Elyvilon.
    52 | D        | Found a shadowy altar of Dithmenos.
    52 | D        | Found a snail-covered altar of Cheibriados.
    54 | D        | Found a radiant altar of Vehumet.
    54 | D        | Found a corrupted altar of Lugonu.
    56 | D        | Became a worshipper of Trog the Wrathful
    94 | D        | Noticed a floating eye
    95 | D        | Paralysed by a floating eye for 2 turns
    97 | D        | Killed a floating eye
    98 | D        | Reached XP level 2. HP: 31/31 MP: 1/1
    98 | D        | Reached XP level 3. HP: 38/38 MP: 2/2
    98 | D        | Reached XP level 4. HP: 45/45 MP: 3/3
   108 | D        | Reached * piety under Trog
   286 | D        | Noticed a necrophage
   291 | D        | Reached ** piety under Trog
   292 | D        | Reached XP level 5. HP: 47/52 MP: 4/4
   293 | D        | Killed a necrophage
   294 | D        | Reached skill level 5 in Axes
   364 | D        | Reached *** piety under Trog
   372 | D        | Reached skill level 1 in Dodging
   379 | D        | Reached **** piety under Trog
   380 | D        | Reached XP level 6. HP: 37/62 MP: 5/5
   551 | D        | Noticed a floating eye
   552 | D        | Paralysed by a floating eye for 4 turns
   558 | D        | Killed a floating eye
   558 | D        | Reached ***** piety under Trog
   561 | D        | Noticed a water moccasin
   566 | D        | Killed a water moccasin
   567 | D        | Reached skill level 10 in Shields
   567 | D        | Reached XP level 7. HP: 56/70 MP: 6/6
   692 | D        | Noticed an eight-headed hydra
   692 | D        | Noticed a jumping spider
   694 | D        | Received a gift from Trog
   695 | D        | Reached skill level 10 in Armour
   701 | D        | Reached skill level 10 in Fighting
   701 | D        | Reached skill level 10 in Axes
   704 | D        | HP: 1/108 [15-headed hydra (5)]
   704 | D        | Slain by a 15-headed hydra

Illustrated notes

Levels and vault maps discovered:
D:        pitsprint [storerooms_1, entrance_room_1, metal_vault_7, armoury_2,
          mini_pit_1, grid_room_1, main_hall_1, silver_pit, the_coven_3,
          the_vestibule_1, steel_vault_4, golden_pit, hallway_of_sentries,
          crystal_vault_4, iron_vault_1, final_vault]

Skill      XL: |  1  2  3  4  5  6  7 |
---------------+----------------------+-----
Fighting       | 6 7 8 9 10 | 10.1
Axes           | 4 6 9 10 | 10.2
Armour         | 6 7 8 9 10 | 10.2
Shields        | 6 7 9 10 | 10.5
Dodging        | 1 2 3 |  3.1

Action                   |  1- 3 |  4- 6 |  7- 9 || total
-------------------------+-------+-------+-------++-------
Melee: War axe           |     5 |       |       ||     5
       Hand axe          |     2 |    43 |    20 ||    65
       Headbutt          |     1 |     8 |     4 ||    13
Invok: Berserk           |       |       |     1 ||     1
  Use: Potion            |       |     1 |       ||     1
Armor: Scale mail        |     2 |    10 |       ||    12
       Chain mail        |       |    13 |    23 ||    36
Dodge: Dodged            |     2 |    22 |    13 ||    37
Block: Kite shield       |     4 |    32 |    19 ||    55

Table legend: (Time is in decaauts)
 A = Elapsed time spent in this place.
 B = Non-inter-level travel time spent in this place.
 C = Inter-level travel time spent in this place.
 D = Time resting spent in this place.
 E = Time spent auto-exploring this place.
 F = Levels seen in this place.
 G = Mean time per level.
                   A        B        C        D        E       F      G
               +--------+--------+--------+--------+--------+-----+--------+
         Total |    707 |    707 |      0 |    455 |     31 |   1 |  707.0 |
       Dungeon |    707 |    707 |      0 |    455 |     31 |   1 |  707.0 |
               +--------+--------+--------+--------+--------+-----+--------+

Top non-repeatable levels by time:
       D: 707 daAuts
